 Dungeon Crawl Stone Soup version 0.30-a0-187-gd9c2deaf24 (webtiles) character file.

Game seed: 14243371107761239817

343 sleeves the Sneak (level 6, -1/51 HPs)
             Began as a Kobold Hexslinger on Oct 3, 2022.
             Was an Initiate of Dithmenos.
             Slain by Pikel
             ... wielding a +2 whip of freezing
              (4 damage)
             ... on level 4 of the Dungeon.
             The game lasted 00:04:58 (2447 turns).

sleeves the Sneak (Kobold Hexslinger)               Turns: 2447, Time: 00:04:58

Health: -1/51      AC:  8    Str:  7    XL:     6   Next: 88%
Magic:  16/16      EV: 15    Int: 15    God:    Dithmenos [......]
Gold:   132        SH:  0    Dex: 17    Spells: 6/7 levels left

rFire   . . .      SeeInvis .    k - +1 dagger (venom)
rCold   . . .      Faith    .    (no shield)
rNeg    . . .      Spirit   .    c - +0 robe
rPois   .          Reflect  .    h - +2 hat
rElec   .          Harm     .    (no cloak)
rCorr   .          Rampage  .    (no gloves)
Will    .....                    (no boots)
Stlth   ..........               (no amulet)
HPRegen 0.28/turn                g - ring of magical power
MPRegen 0.15/turn                i - +4 ring of protection

@: berserking, very quick
A: small, no large weapons, nightstalker 3
a: Renounce Religion


You were on level 4 of the Dungeon.
You worshipped Dithmenos.
Dithmenos was noncommittal.
You visited 1 branch of the dungeon, and saw 4 of its levels.

You collected 132 gold pieces.

Inventory:

Hand Weapons
 a - a +1 sling
 d - a +0 dagger
   (You took it off a kobold on level 1 of the Dungeon)
 k - a +1 dagger of venom (weapon)
   (You found it on level 1 of the Dungeon)
Armour
 c - a +0 robe (worn)
 h - a +2 hat (worn)
   (You found it on level 1 of the Dungeon)
Jewellery
 g - a ring of magical power (left hand)
   (You found it on level 1 of the Dungeon)
 i - a +4 ring of protection (right hand)
   (You found it on level 1 of the Dungeon)
 p - a +4 ring of protection
   (You found it on level 2 of the Dungeon)
Wands
 r - a wand of flame (9)
   (You took it off Sigmund on level 3 of the Dungeon)
Scrolls
 b - 2 scrolls of poison
 e - 4 scrolls of identify {unknown}
 f - a scroll of vulnerability {unknown}
 j - a scroll of immolation {unknown}
 m - a scroll of magic mapping {unknown}
 n - a scroll of butterflies {unknown}
 t - a scroll of enchant armour {unknown}
Potions
 l - a potion of invisibility {unknown}
 o - a potion of brilliance {unknown}


   Skills:
 - Level 1.1 Fighting
 + Level 5.7 Short Blades
 - Level 2.6 Ranged Weapons
 - Level 2.4 Dodging
 + Level 6.4 Stealth
 - Level 1.1 Spellcasting
 - Level 3.0 Hexes


You had 6 spell levels left.
You knew the following spells:

 Your Spells              Type           Power      Damage    Failure   Level
a - Slow                  Hex            36%        N/A       7%          1

Your spell library contained the following spells:

 Spells                   Type           Power      Damage    Failure   Level
 Ensorcelled Hibernation  Hex/Ice        10%        N/A       21%         2
 Inner Flame              Hex/Fire       5%         N/A       36%         3
 Portal Projectile        Hex/Tloc       10%        N/A       36%         3
 Cause Fear               Hex            4%         N/A       56%         4
 Spider Form              Tmut/Pois      0%         N/A       58%         3
 Anguish                  Hex/Necr       2%         N/A       78%         4


Dungeon Overview and Level Annotations

Branches:
Dungeon (4/15)
 Temple: D:4-7

Altars:
Dithmenos
Elyvilon
Okawaru
Qazlal
Vehumet

Shops:
D:2 [

Annotations:
D:4 Pikel


Innate Abilities, Weirdness & Mutations

You are small and have problems with some larger weapons.
You are completely attuned to the shadows.


Message History

g - a ring of magical power You feel your magic capacity increase.
g - a ring of magical power (left hand)
You now have 28 gold pieces (gained 9).
A hobgoblin comes into view.
A hobgoblin is nearby!
A hobgoblin is nearby!
The hobgoblin shouts!
You closely miss the hobgoblin. The hobgoblin closely misses you.
You hit the hobgoblin but do no damage.
A bat comes into view.
The hobgoblin barely misses you.
You hit the hobgoblin but do no damage.
The bat struggles to resist.
The bat barely misses you. The hobgoblin barely misses you.
You hit the bat.
The bat is severely wounded.
The bat closely misses you. The hobgoblin hits you.
You hit the hobgoblin but do no damage. The hobgoblin misses you.
The bat hits you but does no damage.
You miss the bat.
The bat is severely wounded.
The bat barely misses you. The bat closely misses you.
The hobgoblin closely misses you.
The bat struggles to resist.
The bat misses you. The hobgoblin misses you.
You closely miss the hobgoblin. The bat hits you but does no damage.
The hobgoblin hits you.
Casting: Slow (safe; 8% risk of failure)
Confirm with . or Enter, or press ? or * to list all spells.
Aiming: Slow (safe; 8% risk of failure)
Press: ? - help, Shift-Dir - straight line, f/p - bat
Aim: a bat (severely wounded, chance to affect: 64%)
The hobgoblin seems to slow down.
The bat hits you but does no damage. The hobgoblin barely misses you.
The bat misses you.
You hit the bat but do no damage.
The bat is severely wounded.
The bat barely misses you. The hobgoblin barely misses you.
You closely miss the hobgoblin. You miss the bat.
The bat is severely wounded.
The bat hits you. The bat misses you. The hobgoblin misses you.
You barely miss the bat.
The bat is severely wounded.
The bat misses you.
You closely miss the bat.
The bat is severely wounded.
The bat completely misses you. The hobgoblin misses you.
You miss the bat.
The bat is severely wounded.
The bat barely misses you. The bat closely misses you. x2
You hit the bat.
You kill the bat!
The hobgoblin closely misses you.
You hit the hobgoblin.
The hobgoblin is heavily wounded.
You hit the hobgoblin but do no damage.
The hobgoblin is heavily wounded.
The hobgoblin closely misses you.
You barely miss the hobgoblin.
The hobgoblin is heavily wounded.
You hit the hobgoblin.
You kill the hobgoblin!
No target in view!
No target in view!
No target in view!
No target in view!
No target in view!
No target in view!
No target in view!
No target in view!
No target in view!
No target in view!
You see here a hobgoblin corpse.
h - a +2 hat A ball python comes into view.
A ball python is nearby!
A ball python is nearby!
Found a garnet ring.
Found a helmet.
The helpless ball python fails to defend itself.
You puncture the ball python!
You kill the ball python!
No target in view!
i - a +4 ring of protection
j - a +0 helmet A hobgoblin comes into view.
Found a scroll labelled QUMA ZIWNO.
The helpless hobgoblin fails to defend itself.
You puncture the hobgoblin!
You kill the hobgoblin!
i - a +4 ring of protection (right hand)
You start putting on your armour.
You continue putting on your +0 helmet. x4
You finish putting on your +0 helmet.
You start removing your armour.
You continue taking off your +0 helmet. x4
You finish taking off your +0 helmet.
You start putting on your armour.
You continue putting on your +2 hat. x5
You finish putting on your +2 hat.
You drop a +0 helmet.
j - a scroll labelled QUMA ZIWNO You see here a +1 dagger of venom.
A quokka comes into view.
You see here a +1 dagger of venom.
k - a +1 dagger of venom Your +1 dagger of venom begins to drip with poison!
k - a +1 dagger of venom (weapon)
The helpless quokka fails to defend itself.
You puncture the quokka!
You kill the quokka!
No target in view!
Found an escape hatch in the floor.
Found a mace.
A hobgoblin comes into view.
A hobgoblin is nearby!
You barely miss the hobgoblin. The hobgoblin closely misses you.
You hit the hobgoblin but do no damage. The hobgoblin completely misses you.
A hobgoblin is nearby!
You hit the hobgoblin.
The hobgoblin is severely wounded.
The hobgoblin hits you but does no damage.
You hit the hobgoblin.
You kill the hobgoblin!
Your Short Blades skill increases to level 2!
You have reached level 3!
Your experience leads to an increase in your attributes!
Increase (S)trength, (I)ntelligence, or (D)exterity?
You feel agile. x2
l - a viscous green potion
e - 2 scrolls labelled QIUHOTWUEPPOU (gained 1)
Found a stone staircase leading down.
Found a spear.
You see here a +0 spear.
A kobold comes into view. It is wielding a +0 short sword.
The helpless kobold fails to defend itself.
You puncture the kobold!
You kill the kobold!
Done exploring.
Done exploring.
Done exploring.
Done exploring.
(D) Dungeon
Where to? (? - help)
There is a stone staircase leading down here.
You climb downwards.
Found a ring mail.
There is a stone staircase leading up here.
An endoplasm is nearby!
Unknown command.
A ball python comes into view.
The helpless ball python fails to defend itself.
You puncture the ball python!
You kill the ball python!
No target in view!
A ball python comes into view.
You see here a ball python corpse.
A dart slug comes into view.
The helpless ball python fails to defend itself.
You puncture the ball python!
You kill the ball python!
You hit the dart slug.
The dart slug is poisoned.
The dart slug is heavily wounded.
You hit the dart slug but do no damage.
The dart slug is severely wounded.
The dart slug launches a dart at you.
The slug dart hits you but does no damage.
You hit the dart slug but do no damage.
The dart slug looks even sicker.
The dart slug is almost dead.
You kill the dart slug!
No target in view!
Found 2 stones.
A bat comes into view.
You see here 5 gold pieces.
The helpless bat fails to defend itself.
You puncture the bat!
You kill the bat!
You now have 33 gold pieces (gained 5).
Found a stone staircase leading up.
No target in view!
No target in view!
No target in view!
Found a stone staircase leading up.
Found Wiovari's Antique Armour Shop.
No target in view!
No target in view!
Found an escape hatch in the ceiling.
There is an entrance to Wiovari's Antique Armour Shop here.
You can access your shopping list by pressing '$'.
Found a stone staircase leading down.
An adder comes into view.
An adder is nearby!
The helpless adder fails to defend itself.
You impale the adder!!
You kill the adder!
Your Stealth skill increases to level 3!
No target in view!
Found a leather armour.
You see here a +0 leather armour.
An endoplasm comes into view.
Found a scroll labelled QIUHOTWUEPPOU.
You see here a scroll labelled YRYITOW MEQY.
An endoplasm is nearby!
An endoplasm is nearby!
You hit the endoplasm.
The endoplasm is poisoned.
The endoplasm is lightly wounded.
The endoplasm freezes you.
You are frozen.
You barely miss the endoplasm.
The endoplasm is lightly wounded.
The endoplasm barely misses you.
An endoplasm is nearby!
An endoplasm is nearby!
You hit the endoplasm.
The endoplasm is severely wounded.
The endoplasm misses you.
You barely miss the endoplasm.
The endoplasm is severely wounded.
You hit the endoplasm.
You kill the endoplasm!
No target in view!
No target in view!
HP restored.
m - a scroll labelled YRYITOW MEQY A ball python comes into view.
A ball python is nearby!
A ball python is nearby!
Found a dagger.
The ball python hisses angrily.
The ball python bites you but does no damage.
The ball python barely misses you.
You barely miss the ball python. The ball python barely misses you.
The ball python grabs you. The ball python constricts you.
You closely miss the ball python.
The ball python bites you but does no damage.
The ball python constricts you.
You hit the ball python.
You kill the ball python!
No target in view!
No target in view!
No target in view!
e - 3 scrolls labelled QIUHOTWUEPPOU (gained 1)
There is a stone staircase leading up here.
A hobgoblin comes into view.
A hobgoblin is nearby!
A hobgoblin is nearby!
A goblin comes into view. It is wielding a +0 club.
You see here 10 gold pieces.
The helpless hobgoblin fails to defend itself.
You impale the hobgoblin!!
You kill the hobgoblin!
A goblin is nearby!
A goblin is nearby!
Found a scroll labelled OTHAQOSOIK. 2 bats come into view.
The helpless goblin fails to defend itself.
You impale the goblin!!
You kill the goblin!
You see here a scroll labelled OTHAQOSOIK.
The helpless bat fails to defend itself.
You impale the bat!!
You kill the bat!
The helpless bat fails to defend itself.
You impale the bat!!
You kill the bat!
No target in view!
n - a scroll labelled OTHAQOSOIK You see here a +0 club.
You now have 43 gold pieces (gained 10).
You see here a hobgoblin corpse.
A quokka comes into view.
A quokka is nearby!
A quokka is nearby!
A hobgoblin comes into view.
The helpless quokka fails to defend itself.
You impale the quokka!!
You kill the quokka!
A hobgoblin is nearby!
A hobgoblin is nearby!
You see here a quokka corpse.
A kobold comes into view. It is wielding a +0 dagger.
The kobold moves out of view.
The helpless hobgoblin fails to defend itself.
You impale the hobgoblin!!
You kill the hobgoblin!
No target in view! 2 kobolds come into view.
You see here a hobgoblin corpse.
The kobold shouts!
You hit the kobold.
The kobold is severely wounded.
The kobold shouts!
The kobold misses you.
You hit the kobold but do no damage.
The kobold is severely wounded.
The kobold completely misses you. The kobold hits you but does no damage.
You hit the kobold but do no damage.
The kobold is severely wounded.
You closely miss the kobold.
The kobold is severely wounded.
The kobold barely misses you. x2
You hit the kobold.
You kill the kobold!
The kobold completely misses you.
You have reached level 4!
You hit the kobold.
The kobold is moderately wounded.
The kobold hits you but does no damage.
You closely miss the kobold. The kobold closely misses you.
You hit the kobold but do no damage.
The kobold is poisoned.
The kobold barely misses you.
You hit the kobold.
You kill the kobold!
No target in view!
No target in view!
Things that are here:
a +0 dagger; 5 stones You see here a bat corpse.
A kobold comes into view. It is wielding a +0 dagger.
A kobold is nearby!
A kobold is nearby!
The kobold shouts!
The kobold closely misses you.
You hit the kobold but do no damage.
The kobold is poisoned.
The kobold hits you but does no damage.
You barely miss the kobold.
The kobold is severely wounded.
A kobold is nearby!
You hit the kobold.
You kill the kobold!
Found a stone staircase leading down.
No target in view!
No target in view!
No target in view!
Found a sling.
You see here a +0 dagger.
An adder comes into view.
An adder is nearby!
An endoplasm comes into view.
The helpless adder fails to defend itself.
You impale the adder!!
You kill the adder!
Your Short Blades skill increases to level 3!
An endoplasm is nearby!
The helpless endoplasm fails to defend itself.
You impale the endoplasm!!
You kill the endoplasm!
You now have 46 gold pieces (gained 3).
Found a hand axe.
A ball python comes into view.
A ball python is nearby!
The helpless ball python fails to defend itself.
You impale the ball python!!
You kill the ball python!
A goblin comes into view. It is wielding a +0 dagger.
A goblin is nearby!
A goblin is nearby!
The helpless goblin fails to defend itself.
You impale the goblin!!
You kill the goblin!
Found a faded altar of an unknown god.
o - a clear potion
There is a faded altar of an unknown god here.
There is a stone staircase leading down here.
Found a stone staircase leading down.
p - a +4 ring of protection No target in view!
No target in view!
A bat comes into view.
The bat moves out of view.
The bat hits you but does no damage.
A bat is nearby!
A bat is nearby!
You hit the bat.
The bat is severely wounded.
The bat completely misses you. The bat misses you.
You hit the bat.
You kill the bat!
A rat comes into view.
There are monsters nearby!
The helpless endoplasm fails to defend itself.
You impale the endoplasm!!
You kill the endoplasm!
You hit the rat.
The rat is poisoned.
The rat is severely wounded.
The rat bites you but does no damage.
You hit the rat.
You kill the rat!
No target in view!
You now have 55 gold pieces (gained 9).
An adder comes into view.
An adder is nearby!
An adder is nearby!
The adder hisses angrily.
The adder barely misses you.
You hit the adder.
The adder is poisoned.
The adder is moderately wounded.
The adder completely misses you.
You barely miss the adder.
The adder is moderately wounded.
The adder misses you.
An adder is nearby!
You barely miss the adder.
The adder is heavily wounded.
The adder closely misses you.
You closely miss the adder.
The adder is severely wounded.
The adder closely misses you.
You hit the adder.
The adder looks as sick as possible!
The adder is almost dead.
You kill the adder!
You see here an adder corpse.
An endoplasm comes into view.
An endoplasm is nearby!
An endoplasm is nearby!
An endoplasm is nearby!
The helpless endoplasm fails to defend itself.
You impale the endoplasm!!
You kill the endoplasm!
There is a stone staircase leading up here.
An endoplasm comes into view.
An endoplasm is nearby!
An endoplasm is nearby!
The helpless endoplasm fails to defend itself.
You impale the endoplasm!!
You kill the endoplasm!
Found a robe.
You now have 71 gold pieces (gained 16).
q - a sapphire potion You now have 87 gold pieces (gained 16).
There is an entrance to Wiovari's Antique Armour Shop here.
You see here a +0 dagger.
Done exploring.
No target in view!
No target in view!
Done exploring.
Done exploring.
Done exploring.
(D) Dungeon
Where to? (Enter - D:2, ? - help)
There is a stone staircase leading down here.
You climb downwards.
There is a stone staircase leading up here.
Unknown command.
Found a stone staircase leading down.
Found a scimitar.
Found a stone staircase leading up.
Found a white marble altar of Elyvilon.
A bat comes into view.
A bat is nearby!
A bat is nearby!
A bat is nearby!
A hobgoblin comes into view.
An endoplasm and a goblin come into view.
The bat hits you but does no damage.
Found an escape hatch in the floor.
The bat barely misses you. x2
The endoplasm quivers.
You hit the endoplasm.
The endoplasm is poisoned.
The endoplasm is heavily wounded.
The bat hits you but does no damage.
You hit the endoplasm.
The endoplasm is almost dead.
The bat completely misses you. The endoplasm freezes you.
You are frozen.
The bat hits you but does no damage.
You hit the endoplasm.
You kill the endoplasm!
The bat closely misses you. The bat hits you but does no damage.
You hit the bat.
The bat is poisoned.
The bat is heavily wounded.
The bat misses you.
You closely miss the bat.
The bat is severely wounded.
You kill the bat!
You hit the hobgoblin but do no damage.
The hobgoblin hits you but does no damage.
You barely miss the hobgoblin. The hobgoblin barely misses you.
You hit the hobgoblin but do no damage.
The hobgoblin is poisoned.
You closely miss the hobgoblin. The hobgoblin misses you.
You barely miss the hobgoblin.
The hobgoblin hits you but does no damage.
You hit the hobgoblin but do no damage.
The hobgoblin looks as sick as possible!
You kill the hobgoblin!
Your Stealth skill increases to level 4!
No target in view!
No target in view!
No target in view!
No target in view!
Found a leather armour.
No target in view!
No target in view!
No target in view!
The helpless goblin fails to defend itself.
You impale the goblin!!
You kill the goblin!
No target in view!
You see here a +0 dagger.
Found an escape hatch in the ceiling.
A frilled lizard comes into view.
A frilled lizard is nearby!
An adder comes into view.
Sigmund the Dreaded comes into view.
He is wielding a +0 scythe and carrying a wand of flame (9).
Found a scale mail.
The helpless frilled lizard fails to defend itself.
You impale the frilled lizard!!
You kill the frilled lizard!
An adder comes into view.
A rat and a hobgoblin come into view.
The helpless Sigmund fails to defend himself.
You impale Sigmund!!
Sigmund is almost dead.
You hit Sigmund but do no damage.
Sigmund is poisoned.
Sigmund is almost dead.
Sigmund casts a spell at you. You resist with some effort.
You barely miss Sigmund.
Sigmund is almost dead.
You kill Sigmund!
Your Short Blades skill gained 2 levels and is now at level 5!
Your Stealth skill increases to level 5!
You have reached level 5!
You feel clever.
You have reached level 6!
You hit the hobgoblin but do no damage.
The hobgoblin is poisoned.
The hobgoblin misses you.
You hit the hobgoblin.
The hobgoblin looks as sick as possible!
The hobgoblin is moderately wounded.
You hit the hobgoblin but do no damage.
The hobgoblin looks as sick as possible!
The hobgoblin is moderately wounded.
The hobgoblin misses you.
You hit the hobgoblin.
You kill the hobgoblin!
The rat bites you but does no damage.
You hit the rat.
You kill the rat!
No target in view!
No target in view!
No target in view!
r - a wand of flame (9)
Things that are here:
a +0 scythe; a +0 robe No target in view!
No target in view!
No target in view!
An endoplasm comes into view.
Ijyb the Twisted Goblin comes into view.
She is wielding a +3 club and carrying a wand of charming (8).
The adder misses you.
You hit the adder but do no damage.
The adder is poisoned.
The endoplasm quivers.
The adder closely misses you.
You barely miss the adder. The adder bites you.
You are poisoned.
The adder poisons you!
You hit the adder.
The adder looks as sick as possible!
The adder is moderately wounded.
You feel sick. The endoplasm freezes you.
You are frozen.
The adder bites you but does no damage.
You hit the adder.
The adder looks as sick as possible!
The adder is almost dead.
You feel sick.
You kill the adder!
The endoplasm hits you but does no damage.
You feel sick.
You feel sick.
You feel sick.
You completely miss the endoplasm. You hit the endoplasm.
The endoplasm is moderately wounded.
You feel sick.
You are no longer poisoned.
The endoplasm completely misses you.
You hit the endoplasm.
You kill the endoplasm!
The adder hisses angrily.
You hit the adder but do no damage.
The adder is poisoned.
The adder closely misses you.
You barely miss the adder. The adder closely misses you.
You hit the adder.
The adder looks as sick as possible!
The adder is heavily wounded.
You hit the adder.
The adder looks as sick as possible!
The adder is almost dead.
The adder bites you but does no damage. The adder attacks as you move away!
The adder completely misses you.
You kill the adder!
You start resting.
Ijyb is nearby!
Ijyb hits you with a +3 club.
You hit Ijyb but do no damage.
Ijyb is poisoned.
You hit Ijyb.
Ijyb looks even sicker.
Ijyb is lightly wounded.
Ijyb hits you with a +3 club.
You hit Ijyb.
Ijyb looks as sick as possible!
Ijyb is moderately wounded.
Ijyb grins evilly.
Ijyb zaps a wand.
Your will is overpowered!
You are confused.
Unknown command.
Unknown command.
You hit Ijyb but do no damage.
Ijyb is heavily wounded.
Ijyb drinks a potion.
Ijyb is healed!
Ijyb looks more healthy.
You hit Ijyb but do no damage.
Ijyb is lightly wounded.
You bump into the rock wall.
Ijyb zaps a wand.
Your will is overpowered!
You are more confused.
You hit Ijyb but do no damage.
Ijyb is poisoned.
Ijyb is lightly wounded.
Ijyb hits you with a +3 club.
Ijyb zaps a wand.
You resist with some effort.
You bump into the rock wall.
Ijyb hits you with a +3 club.
Ijyb zaps a wand.
Your will is overpowered!
You are more confused.
You hit Ijyb but do no damage.
Ijyb looks as sick as possible!
Ijyb is heavily wounded.
Ijyb misses you.
You miss Ijyb.
Ijyb is severely wounded.
Ijyb hits you but does no damage.
You hit Ijyb but do no damage.
Ijyb looks as sick as possible!
Ijyb is almost dead.
You hit Ijyb but do no damage.
Ijyb looks as sick as possible!
Ijyb is almost dead.
Ijyb zaps a wand.
You resist with some effort.
You kill Ijyb!
Your Stealth skill increases to level 6!
s - a wand of charming (3)
Things that are here:
a +3 club; a +0 scale mail; an adder corpse Unknown command.
You feel less confused.
HP restored.
You now have 97 gold pieces (gained 10).
A bat comes into view.
A bat is nearby!
A bat is nearby!
The helpless bat fails to defend itself.
You spit the bat like a pig!!!
You kill the bat!
A kobold comes into view.
It is wielding a +0 dagger and quivering poisoned darts.
A kobold is nearby!
A kobold is nearby!
The kobold shouts!
You hit the kobold.
You kill the kobold!
No target in view!
Things that are here:
a +0 dagger; 2 poisoned darts; a kobold corpse An endoplasm comes into view.
The endoplasm quivers.
An endoplasm is nearby!
An endoplasm is nearby!
You hit the endoplasm.
The endoplasm is moderately wounded.
You hit the endoplasm.
The endoplasm is almost dead.
The endoplasm closely misses you.
You hit the endoplasm but do no damage.
The endoplasm is poisoned.
The endoplasm is almost dead.
You kill the endoplasm!
No target in view!
t - a scroll labelled YJAHEMEQOA
Found a stone staircase leading up.
Found an iron altar of Okawaru.
No target in view!
No target in view!
You now have 111 gold pieces (gained 14).
You pick up a book of Dreams and begin reading...
You add the spells Ensorcelled Hibernation, Spider Form and Anguish to your library.
There is an iron altar of Okawaru here.
There is a stone staircase leading up here.
A ball python comes into view.
The ball python hisses angrily.
A ball python is nearby!
The ball python barely misses you. The ball python closely misses you.
You closely miss the ball python. You punch the ball python.
The ball python is moderately wounded.
The ball python completely misses you. The ball python grabs you.
The ball python constricts you.
You hit the ball python.
The ball python is severely wounded.
The ball python barely misses you. The ball python constricts you.
You closely miss the ball python.
The ball python is severely wounded.
The ball python bites you. The ball python constricts you.
You hit the ball python.
You kill the ball python!
No target in view!
No target in view!
Okay, then.
Okay, then.
Unknown command.
Unknown command.
There is an escape hatch in the floor here.
A jackal comes into view.
A jackal is nearby!
A jackal is nearby!
A jackal is nearby!
The helpless jackal fails to defend itself.
You spit the jackal like a pig!!!
You kill the jackal!
A jackal comes into view.
A jackal is nearby!
A jackal is nearby!
A jackal is nearby!
The jackal barks!
You hit the jackal.
The jackal is poisoned.
You punch the jackal, but do no damage.
The jackal is heavily wounded.
The jackal bites you but does no damage.
You hit the jackal but do no damage.
The jackal is almost dead.
You kill the jackal!
No target in view!
Found 2 poisoned darts.
You see here 2 poisoned darts.
Found a stormy altar of Qazlal.
You see here 2 poisoned darts.
Found a shadowy altar of Dithmenos.
There is a shadowy altar of Dithmenos here.
You kneel at the altar of Dithmenos.
Dithmenos welcomes you!
Unknown command.
Press < or > to pray at altars.
You open the door.
e - 4 scrolls labelled QIUHOTWUEPPOU (gained 1)
You open the door.
There is an open door here.
Found a faded altar of an unknown god.
Found a radiant altar of Vehumet.
Found a stone staircase leading down.
There is an open door here.
You see here a bat skeleton.
Found a stone staircase leading down.
There is a stone staircase leading down here.
You open the gate.
A ball python comes into view.
A ball python is nearby!
A ball python is nearby!
There is an open gate here.
A bat comes into view.
The helpless ball python fails to defend itself.
You spit the ball python like a pig!!!
You kill the ball python!
Dithmenos accepts your kill.
A bat is nearby!
A bat is nearby!
The helpless bat fails to defend itself.
You stick the bat like a pincushion!!!
You kill the bat!
Dithmenos accepts your kill.
No target in view!
You now have 122 gold pieces (gained 11).
A gnoll comes into view. It is wielding a +0 whip.
A gnoll is nearby!
An endoplasm and a gnoll come into view.
A gnoll comes into view. It is wielding a +0 flail.
The helpless gnoll fails to defend itself.
You stick the gnoll like a pincushion!!!
You kill the gnoll!
Dithmenos accepts your kill.
You see here a +0 whip.
The helpless gnoll fails to defend itself.
You skewer the gnoll like a kebab!!!
You kill the gnoll!
Dithmenos accepts your kill.
The helpless endoplasm fails to defend itself.
You spit the endoplasm like a pig!!!
You kill the endoplasm!
Dithmenos accepts your kill.
The gnoll shouts!
You closely miss the gnoll. You barely miss the gnoll.
The gnoll barely misses you.
You hit the gnoll but do no damage.
The gnoll is poisoned.
The gnoll hits you with a +0 flail!
You hit the gnoll.
The gnoll is lightly wounded.
You barely miss the gnoll.
The gnoll is lightly wounded.
The gnoll hits you with a +0 flail.
You are too injured to fight recklessly!
You are too injured to fight recklessly!
You are too injured to fight recklessly!
You hit the gnoll but do no damage.
The gnoll looks as sick as possible!
The gnoll is moderately wounded.
The gnoll barely misses you.
You kill the gnoll!
Dithmenos accepts your kill.
You see here a +0 whip.
You see here a +0 whip.
Things that are here:
a +0 flail; a gnoll corpse You now have enough gold to buy a ripped robe on D:2.
You can access your shopping list by pressing '$'.
You now have 132 gold pieces (gained 10).
An adder comes into view.
The adder hisses angrily.
An endoplasm comes into view.
The adder closely misses you.
You barely miss the adder. The adder closely misses you.
You closely miss the adder. The adder bites you but does no damage.
You miss the adder. The endoplasm freezes you.
You are frozen.
The adder bites you.
You hit the adder.
The adder is poisoned.
The adder is lightly wounded.
The adder bites you but does no damage. The endoplasm closely misses you.
You hit the adder.
The adder looks even sicker.
The adder is heavily wounded.
The adder bites you but does no damage.
You hit the adder.
The adder is severely wounded.
The endoplasm barely misses you. The adder bites you.
You are poisoned.
The adder poisons you!
You hit the adder.
You kill the adder!
Dithmenos accepts your kill.
You feel sick. The endoplasm barely misses you.
You hit the endoplasm.
The endoplasm is severely wounded.
You feel sick.
You hit the endoplasm but do no damage.
The endoplasm is severely wounded.
You feel sick. The endoplasm misses you.
You hit the endoplasm but do no damage.
The endoplasm is severely wounded.
The endoplasm hits you.
You hit the endoplasm but do no damage.
The endoplasm is severely wounded.
You feel sick.
You are no longer poisoned.
The endoplasm barely misses you.
You hit the endoplasm.
You kill the endoplasm!
Dithmenos accepts your kill.
Done exploring.
Done exploring.
Done exploring.
(D) Dungeon
Where to? (Enter - D:3, ? - help)
There is an open gate here.
There is a stone staircase leading down here.
You climb downwards.
There is a stone staircase leading up here.
A jackal comes into view.
A jackal is nearby!
A jackal is nearby!
Found a stone staircase leading down.
A jackal comes into view.
The helpless jackal fails to defend itself.
You spit the jackal like a pig!!!
You kill the jackal!
Dithmenos accepts your kill.
The jackal barks!
A jackal is nearby!
A jackal comes into view.
The jackal barely misses you. The jackal closely misses you.
You closely miss the jackal. You hit the jackal.
The jackal is severely wounded.
The jackal bites you but does no damage.
There are monsters nearby!
You barely miss the jackal.
The jackal is severely wounded.
The jackal completely misses you. The jackal bites you.
You hit the jackal but do no damage.
The jackal is heavily wounded.
The jackal closely misses you.
You hit the jackal but do no damage.
The jackal is poisoned.
The jackal is heavily wounded.
The jackal closely misses you.
You hit the jackal but do no damage.
The jackal looks as sick as possible!
The jackal is severely wounded.
The jackal misses you.
You closely miss the jackal.
The jackal is severely wounded.
You kill the jackal!
Dithmenos accepts your kill.
You hit the jackal but do no damage.
The jackal is poisoned.
The jackal barely misses you.
You hit the jackal.
The jackal looks as sick as possible!
The jackal is severely wounded.
You kill the jackal!
Dithmenos accepts your kill.
No target in view!
No target in view!
There is a stone staircase leading down here.
Found an escape hatch in the ceiling.
A lemure comes into view.
The lemure shouts!
A lemure comes into view.
You swing at nothing.
You swing at nothing.
You swing at nothing.
You hit the lemure but do no damage.
The lemure is poisoned.
You barely miss the lemure. The lemure hits you.
You barely miss the lemure.
The lemure is lightly wounded.
The lemure barely misses you.
You completely miss the lemure.
The lemure is lightly wounded.
The lemure barely misses you.
You closely miss the lemure.
The lemure is lightly wounded.
You barely miss the lemure.
The lemure is moderately wounded.
The lemure misses you.
You hit the lemure.
The lemure is moderately wounded.
The lemure barely misses you.
You barely miss the lemure.
The lemure is heavily wounded.
You hit the lemure.
The lemure is heavily wounded.
The lemure hits you.
You hit the lemure.
The lemure looks even sicker.
The lemure is severely wounded.
The lemure hits you.
You hit the lemure.
The lemure looks as sick as possible!
The lemure is severely wounded.
The lemure barely misses you.
You closely miss the lemure.
The lemure is almost dead.
You kill the lemure!
That felt strangely unrewarding.
You start resting.
HP restored.
Pikel, Merchant of Souls comes into view.
He is wielding a +2 whip of freezing.
Pikel is nearby!
A lemure comes into view.
Okay, then.
Pikel is nearby!
Pikel is nearby!
You barely miss Pikel.
Pikel shouts!
You hear a shout! x2
Pikel hits you with a +2 whip of freezing.
Pikel freezes you.
You hit Pikel but do no damage. Pikel barely misses you.
You hit Pikel but do no damage.
Pikel is poisoned.
Pikel hits you with a +2 whip of freezing!
Pikel freezes you.
* * * LOW HITPOINT WARNING * * *
Aiming: Charm
Press: ? - help, Shift-Dir - straight line, f - Pikel
Aim: Pikel, wielding a +2 whip of freezing and wearing a +0 robe (very poisoned, chance to affect: 49%) Pikel is charmed.
What are your orders? t - Shout!
Orders for allies: a - Attack new target. p - Attack previous target. r - Retreat! s - Stop attacking. g - Guard the area. f - Follow me.
Anything else - Cancel.
Retreat in which direction?
Press: ? - help, Dir - move target, p - Pikel Fall back!
What are your orders? t - Shout!
Orders for allies: a - Attack new target. r - Retreat! s - Stop attacking. g - Guard the area. f - Follow me.
Anything else - Cancel.
Follow me!
Really attack your ally Pikel?
You miss Pikel.
Pikel is no longer charmed.
Pikel is moderately wounded.
You hit Pikel.
Pikel is moderately wounded.
Pikel looks more healthy.
Pikel barely misses you.
You hit Pikel but do no damage.
Pikel is poisoned.
Pikel is moderately wounded.
Pikel hits you with a +2 whip of freezing!
* * * LOW HITPOINT WARNING * * *
Pikel freezes you.
* * * LOW HITPOINT WARNING * * *
Okay, then.
Okay, then.
Unknown command.
Aiming: Charm
Press: ? - help, Shift-Dir - straight line, f/p - Pikel
Aim: Pikel, wielding a +2 whip of freezing and wearing a +0 robe (heavily wounded, very poisoned, chance to affect: 49%) Pikel resists with some effort.
Pikel closely misses you.
Aiming: Charm
Press: ? - help, Shift-Dir - straight line, f/p - Pikel
Aim: Pikel, wielding a +2 whip of freezing and wearing a +0 robe (heavily wounded, very poisoned, chance to affect: 49%) Pikel resists with some effort.
The now-empty wand crumbles to dust.
Pikel hits you but does no damage.
You don't have any such object.
Evoke which item? (* to show all) (? for menu, Esc to quit)
Okay, then.
Okay, then.
Okay, then.
It was a potion of berserk rage.
A red film seems to cover your vision as you go berserk!
You feel yourself moving faster!
You feel mighty!
Pikel hits you with a +2 whip of freezing!
* * * LOW HITPOINT WARNING * * *
Pikel freezes you.
You die...

.#..8..#...5#
..#...#K.#....
#...85..#.....
##...##.###.5 ##.## #.# ##
############# ##.# #####
............# #..# #.#
#.......###### #.## #.#
#.........@K.###.########.#
.......####..............#
##...### ################
#...# ##..# ####..#########
<......>†.....#
####.###.####.# #.#
#.####.####


You could see Pikel (very poisoned).

Vanquished Creatures
  Sigmund (D:3)
  A lemure (D:4)
  Ijyb (D:3)
  3 gnolls (D:3)
  6 adders
  2 dart slugs
  10 bats
  10 endoplasms
  A giant cockroach (D:1)
  3 goblins
  7 hobgoblins
  5 jackals
  6 kobolds
  5 quokkas
  7 ball pythons
  A frilled lizard (D:3)
  3 rats
72 creatures vanquished.

Notes
Turn   | Place    | Note
-------+----------+-------------------------------------------
     0 | D:1      | sleeves the Kobold Hexslinger began the quest for the Orb.
     0 | D:1      | Reached XP level 1. HP: 12/12 MP: 2/2
   100 | D:1      | Reached skill level 1 in Stealth
   156 | D:1      | Reached skill level 1 in Short Blades
   156 | D:1      | Reached XP level 2. HP: 11/16 MP: 1/3
   240 | D:1      | Reached skill level 2 in Stealth
   575 | D:1      | Reached skill level 2 in Short Blades
   575 | D:1      | Reached XP level 3. HP: 20/20 MP: 4/4
   858 | D:2      | Found Wiovari's Antique Armour Shop.
   876 | D:2      | Reached skill level 3 in Stealth
  1023 | D:2      | Reached XP level 4. HP: 25/25 MP: 5/5
  1074 | D:2      | Reached skill level 3 in Short Blades
  1126 | D:2      | Found a faded altar of an unknown god.
  1543 | D:3      | Found a white marble altar of Elyvilon.
  1570 | D:3      | Reached skill level 4 in Stealth
  1592 | D:3      | Noticed Sigmund
  1599 | D:3      | Killed Sigmund
  1600 | D:3      | Reached skill level 5 in Short Blades
  1600 | D:3      | Reached skill level 5 in Stealth
  1600 | D:3      | Reached XP level 5. HP: 29/29 MP: 6/6
  1600 | D:3      | Reached XP level 6. HP: 34/34 MP: 7/7
  1612 | D:3      | Noticed Ijyb
  1650 | D:3      | Killed Ijyb
  1651 | D:3      | Reached skill level 6 in Stealth
  1797 | D:3      | Found an iron altar of Okawaru.
  1917 | D:3      | Found a stormy altar of Qazlal.
  1928 | D:3      | Found a shadowy altar of Dithmenos.
  1932 | D:3      | Became a worshipper of Dithmenos the Shadowed
  2020 | D:3      | Found a faded altar of an unknown god.
  2021 | D:3      | Found a radiant altar of Vehumet.
  2398 | D:4      | Noticed Pikel
  2425 | D:4      | HP: 17/34 [Pikel/+2 whip of freezing (3)]
  2444 | D:4      | HP: 10/34 [Pikel/+2 whip of freezing (11)]
  2447 | D:4      | HP: 3/51 [Pikel/+2 whip of freezing (9)]
  2447 | D:4      | Slain by Pikel

Illustrated notes

Levels and vault maps discovered:
D:1:      eino_arrival_cavern_e, layout_rooms
D:2:      layout_rooms, serial_curves, eino_curves_01, eino_curves_02,
          serial_shops, shop_statue, ebering_ecumenical_altar_hall
D:3:      layout_rooms, okawaru_gym_becter, nicolae_overflow_hidden_temple,
          nicolae_overflow_ecumenical_swirl, amethyst_overflow_temple_binary,
          kennysheep_donut, minmay_misc_feat_room, uniq_ijyb, uniq_sigmund
D:4:      wad_crossroads, layout_loops_ring, mainiacjoe_overflow_alcove_1,
          uniq_grinder, uniq_crazy_yiuf_cottage, uniq_edmund, uniq_pikel

Skill      XL: |  1  2  3  4  5  6 |
---------------+-------------------+-----
Stealth        | 1 2 3 5 6 |  6.4
Short Blades   | 1 2 5 |  5.7
Fighting       | |  1.1
Ranged Weapons | |  2.6
Dodging        | |  2.4
Spellcasting   | |  1.1
Hexes          | |  3.0

Action                   |  1- 3 |  4- 6 || total
-------------------------+-------+-------++-------
Melee: Dagger            |    81 |   128 ||   209
       Punch             |     1 |     2 ||     3
 Fire: Sling             |     3 |       ||     3
 Cast: Slow              |     8 |       ||     8
Evoke: Wand              |       |     3 ||     3
  Use: Potion            |       |     1 ||     1
 Stab: Sleeping          |    19 |    18 ||    37
Armor: Robe              |    19 |    21 ||    40
Dodge: Dodged            |    55 |    55 ||   110

Table legend: (Time is in decaauts)
 A = Elapsed time spent in this place.
 B = Non-inter-level travel time spent in this place.
 C = Inter-level travel time spent in this place.
 D = Time resting spent in this place.
 E = Time spent auto-exploring this place.
 F = Levels seen in this place.
 G = Mean time per level.
                   A        B        C        D        E       F      G
               +--------+--------+--------+--------+--------+-----+--------+
         Total |   2406 |   2331 |     75 |     45 |   1748 |   4 |  601.5 |
       Dungeon |   2406 |   2331 |     75 |     45 |   1748 |   4 |  601.5 |
               +--------+--------+--------+--------+--------+-----+--------+

Top non-repeatable levels by time:
     D:1: 826 daAuts
     D:3: 785 daAuts
     D:2: 623 daAuts
     D:4: 170 daAuts
